 Dungeon Crawl Stone Soup version 0.26.1-11-gd32895ea62 (webtiles) character file.

Game seed: 7095035651893706374

408 Zeld the Twirler (level 6, -16/39 HPs)
             Began as an Octopode Gladiator on May 22, 2021.
             Demolished by an ogre
             ... wielding a +0 giant club
              (18 damage)
             ... on level 5 of the Dungeon.
             The game lasted 00:04:36 (4968 turns).

Zeld the Twirler (Octopode Gladiator)               Turns: 4968, Time: 00:04:36

Health: -16/39     AC:  1    Str: 16    XL:     6   Next: 88%
Magic:  6/6        EV: 14    Int: 10    God:
Gold:   187        SH:  0    Dex: 13    Spells: 5/5 levels left

rFire    . . .     SeeInvis .   a - +0 quarterstaff
rCold    . . .     Faith    .   (shield currently unavailable)
rNeg     . . .     Spirit   .   b - +0 hat
rPois    .         Reflect  .   (no amulet)
rElec    .         Harm     .   (no ring)
rCorr    .         Rampage  .   (no ring)
Will     .....                  (no ring)
Stlth    ++........             (no ring)
HPRegen  0.13/turn              (no ring)
MPRegen  0.10/turn              (no ring)
                                (no ring)
                                (no ring)

@: lethally poisoned (-16 -> -18), attractive
A: almost no armour, stealthy swim, amphibious, 8 rings, constrict 8, camouflage
1, gelatinous body 1
a: no special abilities


You were on level 5 of the Dungeon.
You visited 1 branch of the dungeon, and saw 5 of its levels.

You collected 187 gold pieces.

Inventory:

Hand Weapons
 a - a +0 quarterstaff (weapon)
Missiles
 c - 3 throwing nets
 d - 6 boomerangs
 p - 27 poisoned darts (quivered)
 x - 5 curare-tipped darts
Armour
 b - a +0 hat (worn)
Jewellery
 n - an uncursed ring of flight
 u - an uncursed ring of magical power {unknown}
 y - a cursed ring of willpower {unknown}
Scrolls
 f - a scroll of blinking {unknown}
 g - 3 scrolls of fog {unknown}
 h - a scroll of immolation {unknown}
 k - 3 scrolls of remove curse {unknown}
 m - 4 scrolls of identify {unknown}
 r - 2 scrolls of magic mapping {unknown}
 s - a scroll of enchant weapon {unknown}
 t - a scroll of random uselessness {unknown}
 w - a scroll of teleportation {unknown}
 z - a scroll of enchant armour {unknown}
Potions
 e - 3 potions of attraction
 i - 3 potions of curing {unknown}
 j - 2 potions of ambrosia {unknown}
 l - 2 potions of lignification {unknown}
 o - a potion of flight {unknown}
 q - a potion of magic {unknown}
 v - a potion of brilliance {unknown}
 A - a potion of might {unknown}


   Skills:
 - Level 2.0 Fighting
 * Level 7.5 Staves
 - Level 2.0 Throwing
 - Level 3.0 Dodging


You had 5 spell levels left.
You didn't know any spells.
Your spell library was empty.

Dungeon Overview and Level Annotations

Branches:
Dungeon (5/15)
 Temple: D:4-7

Altars:
Ashenzari
Nemelex Xobeh
Ru
Trog
Wu Jian
Xom
Yredelemnul


Innate Abilities, Weirdness & Mutations

You cannot wear most types of armour.
You are very stealthy in the water. (Stealth+)
You are amphibious.
You can wear up to eight rings at the same time.
You can use your tentacles to constrict eight enemies at once.
Your skin changes colour to match your surroundings (Stealth+).
Your rubbery body absorbs attacks. (AC +1, EV +1)


Message History

A worker ant zombie comes into view.
The adder bites you.
You are poisoned.
The adder poisons you!
You sock the adder!
You kill the adder!
You feel sick.
You completely miss the ogre. The ogre hits you with a +0 giant club!
You barely miss the ogre. Your squeeze misses the ogre.
You feel sick.
The ogre hits you with a +0 giant club!!
Ouch! That really hurt!
* * * LOW HITPOINT WARNING * * *
* * * LOW HITPOINT WARNING * * *
You feel sick.
* * * LOW HITPOINT WARNING * * *
You feel sick.
It was a potion of attraction.
You feel attractive to monsters.
The ogre hits you with a +0 giant club!!
You die...

...........#...##.#..#.........#
.#.............###.....#......##
###..........#.####...........#
###....................##.....#
.........................#....#
.........................###.##
.#.#...............#.....###.###
#####..............#.....##....#
##.......†...Z.O@.......###...##
.##......................######
.........................#
........................##
............###..........
............# #...........
...........## ...###....
............ ..## ....


You could see an ogre and a worker ant zombie.

Vanquished Creatures
  A phantom (D:4)
  A bullfrog (D:3)
  An orc wizard (D:4)
  Jessica (D:2)
  Natasha (thrice) (D:2)
  5 adders
  3 worms
  2 dart slugs (D:3)
  8 orcs
  2 giant cockroaches (D:2)
  2 gnoll zombies (D:3)
  8 goblins
  6 hobgoblins
  3 jackals (D:1)
  3 kobolds
  A quokka (D:3)
  8 bats
  3 frilled lizards
  6 rats
67 creatures vanquished.

Notes
Turn   | Place    | Note
-------+----------+-------------------------------------------
     0 | D:1      | Zeld the Octopode Gladiator began the quest for the Orb.
     0 | D:1      | Reached XP level 1. HP: 14/14 MP: 1/1
   568 | D:1      | Reached XP level 2. HP: 10/19 MP: 2/2
  1347 | D:2      | Noticed Jessica
  1359 | D:2      | Killed Jessica
  1360 | D:2      | Reached skill level 4 in Staves
  1360 | D:2      | Reached XP level 3. HP: 24/24 MP: 3/3
  1360 | D:2      | Found a faded altar of an unknown god.
  1386 | D:2      | Noticed Natasha
  1391 | D:2      | Killed Natasha
  1392 | D:2      | Reached XP level 4. HP: 29/29 MP: 4/4
  1456 | D:2      | Reached skill level 5 in Staves
  1575 | D:2      | Noticed Natasha
  1586 | D:2      | Killed Natasha
  2168 | D:2      | Reached XP level 5. HP: 34/34 MP: 5/5
  2259 | D:2      | Noticed Natasha
  2268 | D:2      | Killed Natasha
  2840 | D:3      | Reached skill level 6 in Staves
  2899 | D:3      | Reached XP level 6. HP: 31/39 MP: 6/6
  3011 | D:3      | Found a sparkling altar of Nemelex Xobeh.
  3264 | D:3      | Found an ornate altar of the Wu Jian Council.
  3294 | D:3      | Found a broken altar of Ashenzari.
  3299 | D:3      | Found a sacrificial altar of Ru.
  3300 | D:3      | Found a bloodstained altar of Trog.
  3430 | D:3      | Found a basalt altar of Yredelemnul.
  3881 | D:4      | Reached skill level 7 in Staves
  4515 | D:4      | Noticed a phantom
  4529 | D:4      | Killed a phantom
  4740 | D:5      | Entered Level 5 of the Dungeon
  4740 | D:5      | Found a shimmering altar of Xom.
  4943 | D:5      | Noticed an ice beast
  4968 | D:5      | Demolished by an ogre

Illustrated notes

Levels and vault maps discovered:
D:1:      dpeg_arrival_morbid_curiosity, layout_basic
D:2:      kennysheep_big_flooded_room, layout_basic,
          chequers_ecumenical_altar_simple, uniq_jessica, uniq_natasha
D:3:      layout_basic, old_standard_altar, minitemple,
          lemuel_zombie_altar_yredelemnul, kennysheep_cross_room,
          nemelex_xobeh_ov_fountains_minmay
D:4:      layout_basic, tso_altar, kennysheep_generic_room_3
D:5:      layout_cave_pools, basic_altar, minmay_fractal_squares_diagonal_5

Skill      XL: |  1  2  3  4  5  6 |
---------------+-------------------+-----
Staves         | 4 5 6 7 |  7.5
Fighting       | |  2.0
Throwing       | |  2.0
Dodging        | |  3.0

Action                   |  1- 3 |  4- 6 || total
-------------------------+-------+-------++-------
Melee: Quarterstaff      |    38 |   117 ||   155
       Constrict         |    13 |    30 ||    43
       Tentacles         |     9 |    21 ||    30
  Use: Potion            |       |     1 ||     1
 Stab: Sleeping          |     2 |     3 ||     5
Armor: Skin              |     5 |    11 ||    16
Dodge: Dodged            |    49 |    77 ||   126
